 Dungeon Crawl Stone Soup version 0.24.0-13-gcf9b3192b9 (webtiles) character file.

Game seed: 10859066210767174707, levelgen mode: deterministic

688 loralnil the Covert (level 7, -1/42 HPs)
             Began as a Vampire Assassin on Nov 10, 2019.
             Slain by a gnoll (6 damage)
             ... on level 4 of the Dungeon.
             The game lasted 00:12:16 (3419 turns).

loralnil the Covert (Vampire Assassin)              Turns: 3419, Time: 00:12:16

Health: -1/42      AC:  0    Str:  8 (10) XL:     7   Next: 36%
Magic:  5/7        EV: 23    Int: 11 (13) God:
Gold:   174        SH:  0    Dex: 21 (23) Spells: 6/6 levels left

rFire    . . .     SeeInvis +   (weapon currently unavailable)
rCold    + + .     Gourm    .   (shield currently unavailable)
rNeg     + + +     Faith    .   (armour currently unavailable)
rPois    ∞         Spirit   .   (helmet currently unavailable)
rElec    .         Reflect  .   (cloak currently unavailable)
rCorr    .         Harm     .   (gloves currently unavailable)
MR       .....                  (boots currently unavailable)
Stlth    ++++++....             (no amulet)
HPRegen  0.00/turn              (ring currently unavailable)
MPRegen  0.10/turn              (ring currently unavailable)

@: bat-form, flying, bloodless, regenerating quickly, very quick
A: tiny, no food, fangs 3, see invisible
a: Revivify, End Transformation


You were on level 4 of the Dungeon.
You were bloodless.
You were in vampire-bat-form.
You visited 1 branch of the dungeon, and saw 4 of its levels.
You also visited: Sewer.

You collected 174 gold pieces.

Inventory:

Hand Weapons
 a - a +2 dagger (melded)
Missiles
 d - 6 poisoned darts (quivered)
Armour
 b - a +0 robe (melded)
 c - a +1 cloak (melded)
 u - a +0 pair of boots (melded)
Jewellery
 j - a ring of magical power (melded)
 k - an uncursed ring of positive energy
 s - a +3 ring of intelligence (melded)
Scrolls
 f - a scroll of enchant armour
 g - 2 scrolls of remove curse
 m - 2 scrolls of blinking {unknown}
 n - a scroll of teleportation {unknown}
 r - 2 scrolls of amnesia {unknown}
 x - a scroll of fog {unknown}
Potions
 h - a potion of invisibility
 i - 2 potions of brilliance
 l - a potion of flight
 o - a potion of resistance
 p - a potion of ambrosia
 q - a potion of haste
 v - a potion of magic {unknown}


   Skills:
 + Level 3.6 Fighting
 + Level 4.5 Short Blades
 + Level 3.3 Throwing
 + Level 3.9 Dodging
 + Level 8.1 Stealth


You had 6 spell levels left.
You didn't know any spells.
Your spell library was empty.

Dungeon Overview and Level Annotations

Branches:
Dungeon (4/15)              Sewer (visited)
 Temple: D:4-7

Altars:
Elyvilon
Sif Muna

Annotations:
D:4 3 runed translucent doors, OleJ's ghost, amateur KoWz; OleJ's ghost, weakling FeAK; Valentain's ghost, novice OpAE


Innate Abilities, Weirdness & Mutations

You do not eat.
You do not regenerate when monsters are visible.
You are frail without blood (-20% HP).
You can heal yourself when you bite living creatures.
You are immune to poison.
You have razor-sharp teeth.
You have supernaturally acute eyesight. (SInv)
((You can survive without breathing.))


Message History

The poisoned dart barely misses the gnoll.
The gnoll hits you from afar with a +0 halberd.
* * * LOW HITPOINT WARNING * * *
The gnoll closely misses you.
You see here a poisoned dart.
The gnoll misses you.
You see here a poisoned dart.
Things that are here:
a +0 spear; 8 gold pieces You turn into a vampire bat.
Your +2 dagger melds into your body.
Your +1 cloak melds into your body.
Your +0 pair of boots melds into your body.
Your +0 robe melds into your body.
Your +3 ring of intelligence melds into your body.
Your ring of magical power melds into your body.
You feel stupid.
You feel your magic capacity decrease.
You feel weakened.
You feel dopey.
You feel clumsy. The gnoll hits you.
You die...

#.....# ###.#
..?....# ##.#.#
........####....####
...((..(())......((#
........###.....##)#
.......## #(#.#.##g#
.... #.###.##.# ...
#.###.##g# #+#
#.....bg.# #.#
#####.#### #.# #.#
##.## #.# ##...##
#.# #.....# ### #.#
.....#####.## #.#
#...........###.#
##########.(....#


You could see 2 gnolls.

Vanquished Creatures
  Sigmund (D:2)
  Purgy (Sewer)
  A sky beast (D:2)
  A big kobold (Sewer)
  Blork the orc (D:4)
  A howler monkey (D:4)
  Jessica (D:3)
  Terence (D:2)
  5 gnolls
  3 adders (D:3)
  3 worms
  2 dart slugs (D:3)
  A leopard gecko (D:3)
  2 ball pythons
  7 bats
  3 giant cockroaches
  5 hobgoblins
  5 kobolds
  4 frilled lizards
  2 goblins (D:3)
  3 rats
53 creatures vanquished.

Notes
Turn   | Place    | Note
-------+----------+-------------------------------------------
     0 | D:1      | loralnil the Vampire Assassin began the quest for the Orb.
     0 | D:1      | Reached XP level 1. HP: 16/16 MP: 1/1
   634 | D:2      | Noticed Terence
   658 | D:2      | You fall into a shaft and drop 2 floors!
   658 | D:4      | Found a glowing drain.
   674 | D:4      | Reached skill level 6 in Stealth
   687 | D:4      | Reached XP level 2. HP: 22/22 MP: 2/2
   694 | Sewer    | Entered a sewer
   699 | Sewer    | Noticed a big kobold
   701 | Sewer    | Killed a big kobold
   701 | Sewer    | Reached XP level 3. HP: 28/28 MP: 3/3
   701 | Sewer    | Reached XP level 4. HP: 34/34 MP: 4/4
   739 | Sewer    | Noticed Purgy
   742 | Sewer    | Killed Purgy
   742 | Sewer    | Reached XP level 5. HP: 38/39 MP: 5/5
   854 | D:4      | Noticed an ogre
   860 | D:4      | Noticed Blork the orc
  1018 | D:3      | Noticed Jessica
  1062 | D:3      | Killed Jessica
  1062 | D:3      | Reached skill level 7 in Stealth
  1620 | D:2      | Found a faded altar of an unknown god.
  1649 | D:2      | Found a white marble altar of Elyvilon.
  1752 | D:2      | Noticed Sigmund
  1812 | D:2      | Killed Sigmund
  1812 | D:2      | Reached XP level 6. HP: 18/37 MP: 6/6
  1829 | D:2      | Killed Terence
  2072 | D:2      | Noticed a sky beast
  2090 | D:2      | Killed a sky beast
  2090 | D:2      | Reached XP level 7. HP: 34/41 MP: 7/7
  2901 | D:3      | Found a shimmering blue altar of Sif Muna.
  3161 | D:4      | Found a runed translucent gate.
  3163 | D:4      | Found a runed translucent gate.
  3163 | D:4      | Found a runed translucent gate.
  3164 | D:4      | Noticed Valentain's ghost (novice OpAE)
  3164 | D:4      | Noticed OleJ's ghost (amateur KoWz)
  3164 | D:4      | Noticed OleJ's ghost (weakling FeAK)
  3342 | D:4      | Killed Blork the orc
  3342 | D:4      | Reached skill level 8 in Stealth
  3419 | D:4      | Slain by a gnoll

Levels and vault maps discovered:
D:1:      ncdulo_smallfort, layout_loops_ring, minivault_23
D:2:      layout_basic, elyvilon_altar_1, chequers_ecumenical_altar_island,
          minmay_stone_trees_small, uniq_sigmund, uniq_terence
D:3:      layout_loops_ring, lemuel_blue_sif_altar, first_ration, uniq_jessica
D:4:      layout_loops_corners, gammafunk_ghost_cemetery,
          cheibrodos_sewer_entry_drain, uniq_blork_the_orc

Skill      XL: |  1  2  3  4  5  6  7 |
---------------+----------------------+-----
Stealth        | 6 7 8 |  8.1
Fighting       | 2 3 |  3.6
Throwing       | 2 3 |  3.3
Dodging        | 2 3 |  3.9
Short Blades   | 3 4 |  4.5

Action                   |  1- 3 |  4- 6 |  7- 9 || total
-------------------------+-------+-------+-------++-------
Melee: Dagger            |    31 |    87 |    68 ||   186
       Bite              |     5 |     3 |     8 ||    16
Throw: Dart              |       |    13 |    15 ||    28
 Abil: Bat Form          |       |     1 |     1 ||     2
       End Transformatio |       |     1 |       ||     1
       Exsanguinate      |       |     1 |       ||     1
  Use: Scroll            |     4 |       |     6 ||    10
 Stab: Sleeping          |     3 |    12 |     2 ||    17
       Distracted        |       |     1 |     1 ||     2
Armor: Robe              |     7 |    20 |     9 ||    36
Dodge: Dodged            |    23 |    61 |    49 ||   133
